 Dungeon Crawl Stone Soup version 0.22-a0-157-g169b76a (webtiles) character file.

15055 KristoblXynda the Grappler (level 11, -1/99 HPs)
             Began as a Purple Draconian Monk on Feb 8, 2018.
             Was an Initiate of Gozag.
             Asphyxiated
             ... on level 11 of the Dungeon.
             The game lasted 00:27:47 (14572 turns).

KristoblXynda the Grappler (Purple Draconian Monk) Turns: 14572, Time: 00:27:48

Health: -1/99      AC:  9    Str: 14    XL:     11   Next: 96%
Magic:  17/17      EV: 17    Int: 14    God:    Gozag
Gold:   1357       SH:  6    Dex: 13    Spells: 10/10 levels left

rFire    . . .     SeeInvis .     - Unarmed
rCold    . . .     Gourm    .   h - +1 buckler
rNeg     + . .     Faith    .   (armour unavailable)
rPois    .         Spirit   .   (helmet restricted)
rElec    .         Reflect  .   y - +1 cloak {+Inv}
rCorr    .         Harm     .   (no gloves)
MR       +....                  (no boots)
Stlth    ++........             (no amulet)
HPRegen  0.26/turn              x - ring of positive energy
MPRegen  0.15/turn              (no ring)

@: lethally poisoned (-1 -> -7), short of breath
A: breathe power, unfitting armour, cold-blooded, AC +7
a: Breathe Dispelling Energy, Potion Petition, Call Merchant, Bribe Branch,
Renounce Religion, Evoke Invisibility


You were on level 11 of the Dungeon.
You worshipped Gozag.
Gozag was most pleased with you.
You were not hungry.

You visited 1 branch of the dungeon, and saw 11 of its levels.
You also visited: Bailey.

You collected 2159 gold pieces.
You spent 204 gold pieces at shops.
You paid 598 gold pieces to Gozag.

Inventory:

Hand Weapons
 t - a +3 long sword of holy wrath
 H - a +3 broad axe
Missiles
 m - 45 tomahawks of returning (quivered)
 s - a throwing net
Armour
 h - a +1 buckler (worn)
 q - a scarf of resistance
 y - a +1 cloak of invisibility (worn)
Jewellery
 w - an uncursed amulet of the acrobat
 x - a ring of positive energy (left hand)
Wands
 o - a wand of acid (9)
 D - a wand of clouds (4)
Scrolls
 b - 2 scrolls of enchant armour
 e - 4 scrolls of amnesia
 i - a scroll of immolation
 j - 9 scrolls of remove curse
 p - a scroll of enchant weapon
 z - a scroll of teleportation
 A - 2 scrolls of magic mapping
 E - a scroll of identify
 F - a scroll of summoning
 I - a scroll of blinking
Potions
 c - 2 potions of resistance {unknown}
 d - a potion of invisibility {unknown}
 f - a potion of ambrosia
 g - 2 potions of magic {unknown}
 k - 2 potions of might
 l - 8 potions of curing
 n - 4 potions of flight
 r - a potion of agility
 v - 2 potions of cancellation {unknown}
 G - a potion of haste {unknown}
Books
 u - a book of Clouds

   Spells                             Type                      Level
   a - Poisonous Vapours              Poison/Air                   2
   b - Mephitic Cloud                 Conjuration/Poison/Air       3
   c - Conjure Flame                  Conjuration/Fire             3
   d - Freezing Cloud                 Conjuration/Ice/Air          6
   e - Ring of Flames                 Charms/Fire                  7
Comestibles
 a - 8 rations


   Skills:
 - Level 10.1 Fighting
 - Level 5.4 Throwing
 + Level 9.2 Dodging
 - Level 1.7 Stealth
 - Level 4.2 Shields
 + Level 10.7 Unarmed Combat
 + Level 8.1 Evocations


You had 10 spell levels left.
You didn't know any spells.

Dungeon Overview and Level Annotations

Branches:
Dungeon (11/15)            Temple (0/1) D:7            Lair (0/6) D:9
    Orc: D:9-12

Altars:
Ashenzari
Elyvilon
Fedhas
Gozag
Hepliaklqana
Kikubaaqudgha
Makhleb
Nemelex Xobeh
Sif Muna
Uskayaw
Wu Jian
Zin
Beogh

Shops:
D:4 }   D:11 *

Annotations:
D:10 1 runed door


Innate Abilities, Weirdness & Mutations

You can breathe bolts of dispelling energy.
Your rich purple scales are hard. (AC +7)
You cannot fit into any form of body armour.
You are cold-blooded and may be slowed by cold attacks.


Message History

The wyvern is heavily wounded.
The wyvern bites you!
* * * LOW HITPOINT WARNING * * *
You hit the wyvern but do no damage.
The wyvern is heavily wounded.
The wyvern closely misses you. x2
You hit the wyvern but do no damage. You tail-slap the wyvern.
The wyvern is severely wounded.
The wyvern closely misses you.
You hit the wyvern.
The wyvern is severely wounded.
The wyvern bites you!
* * * LOW HITPOINT WARNING * * *
Sonja unwields an uncursed runed short sword.
Its appearance distorts for a moment.
Sonja wields an uncursed blowgun.
Sonja shoots a curare-tipped needle.
The curare-tipped needle hits you.
You are poisoned.
You have difficulty breathing.
You die...
Your body crumbles into a pile of gold.

................
#K..............
#...............
#.....(......... $
#..............? ...
#......∩.∩....!.
#..#####.......l......#
#............∩@$....#
##.................##
##....<..........##
##.............##
##..)........##
##.........##
##.......## ##.....##
##>..##


You could see Sonja and a wyvern.

Vanquished Creatures
  Josephine (D:10)
  4 death yaks (D:9)
  5 two-headed ogres
  2 ugly things
  Joseph (D:8)
  Grinder (D:6)
  Prince Ribbit (D:7)
  2 hippogriffs
  A meliai zombie (D:10)
  6 yaks
  4 wraiths
  A wyvern (D:11)
  A spriggan (D:11)
  A hungry ghost (D:7)
  Edmund (D:6)
  The ghost of mhoghedin the Conjurer, an amateur KoCj (D:3)
  5 ice beasts
  5 orc warriors
  3 sky beasts
  A black bear (D:5)
  A necrophage (D:8)
  6 ogres
  A centaur (D:11)
  A crocodile (D:10)
  A big kobold (D:10)
  Blork the orc (D:5)
  6 bullfrogs
  A gnoll sergeant (D:6)
  2 scorpions
  2 howler monkeys (D:10)
  3 wights (D:9)
  5 crimson imps
  Crazy Yiuf (D:6)
  A bullfrog zombie (D:7)
  A centaur zombie (D:11)
  2 jellies
  6 orc priests
  5 hounds
  A bullfrog skeleton (D:7)
  A centaur skeleton (D:9)
  Ijyb (D:4)
  2 iguanas
  6 orc wizards
  11 worker ants
  A hound zombie (D:6)
  A howler monkey zombie (D:8)
  16 gnolls
  11 adders
  3 shadow imps
  2 oozes
  An adder skeleton (D:5)
  4 worms
  5 dart slugs
  9 leopard geckos
  39 orcs
  3 ball pythons
  6 bats
  9 giant cockroaches
  13 goblins
  14 hobgoblins
  8 jackals
  26 kobolds
  9 quokkas
  4 frilled lizards
  A jackal skeleton (D:4)
  A leopard gecko skeleton (D:9)
  A quokka skeleton (D:7)
  10 rats
  2 butterflies (D:10)
314 creatures vanquished.

Notes
Turn   | Place    | Note
-------+----------+-------------------------------------------
     0 | D:1      | KristoblXynda the Draconian Monk began the quest for the Orb.
     0 | D:1      | Reached XP level 1. HP: 19/19 MP: 1/1
   159 | D:1      | Reached XP level 2. HP: 22/26 MP: 2/2
   650 | D:2      | Reached XP level 3. HP: 18/33 MP: 3/3
  1329 | D:2      | Reached XP level 4. HP: 15/40 MP: 4/4
  1877 | D:2      | Found a faded altar of an unknown god.
  1877 | D:2      | Found an ornate altar of the Wu Jian Council.
  1887 | D:2      | Found an ancient bone altar of Kikubaaqudgha.
  1889 | D:2      | Found a hide-covered altar of Uskayaw.
  1890 | D:2      | Found a faded altar of an unknown god.
  2643 | D:3      | Reached XP level 5. HP: 30/47 MP: 5/5
  3199 | D:3      | Reached skill level 5 in Unarmed Combat
  3210 | D:3      | Noticed mhoghedin's ghost (amateur KoCj)
  3227 | D:3      | Killed mhoghedin's ghost
  3227 | D:3      | Reached XP level 6. HP: 22/55 MP: 6/6
  3781 | D:4      | Noticed Ijyb
  3799 | D:4      | Killed Ijyb
  4114 | D:4      | Reached skill level 5 in Fighting
  4385 | D:4      | Your scales start taking on a rich purple colour.
  4385 | D:4      | Reached XP level 7. HP: 53/61 MP: 7/7
  4535 | D:4      | Found Pecaq's Gadget Shop.
  4688 | D:4      | Found a blossoming altar of Fedhas.
  4807 | D:4      | Found a glowing silver altar of Zin.
  4814 | D:4      | Found a white marble altar of Elyvilon.
  4890 | D:5      | Entered Level 5 of the Dungeon
  4938 | D:5      | Found a burning altar of Makhleb.
  4938 | D:5      | Found an opulent altar of Gozag.
  4973 | D:5      | Noticed Blork the orc
  5024 | D:5      | Became a worshipper of Gozag Ym Sagoz the Greedy
  5160 | D:5      | Reached skill level 1 in Shields
  5522 | D:5      | Killed Blork the orc
  5839 | D:5      | Found a hazy altar of Hepliaklqana.
  6109 | D:5      | Found a shattered altar of Ashenzari.
  6452 | D:6      | Found a runed door.
  6551 | D:6      | Reached XP level 8. HP: 55/70 MP: 8/8
  6609 | D:6      | Noticed Grinder
  6619 | D:6      | Reached skill level 5 in Dodging
  6632 | D:6      | Killed Grinder
  6639 | D:6      | Found a sparkling altar of Nemelex Xobeh.
  6896 | D:6      | Noticed Edmund
  6934 | D:6      | Killed Edmund
  7259 | D:6      | Noticed Crazy Yiuf
  7269 | D:6      | Killed Crazy Yiuf
  7337 | D:7      | Noticed a hippogriff
  7354 | D:7      | Killed a hippogriff
  7499 | D:7      | Found a flagged portal.
  7512 | D:7      | Reached XP level 9. HP: 65/79 MP: 9/9
  7538 | Bailey   | Entered a bailey
  7840 | Bailey   | Reached skill level 1 in Evocations
  8180 | D:7      | Found a staircase to the Ecumenical Temple.
  8258 | D:7      | Noticed Prince Ribbit
  8273 | D:7      | Killed Prince Ribbit
  8742 | D:7      | Found a deep blue altar of Sif Muna.
  9345 | D:8      | Noticed Joseph
  9608 | D:8      | Killed Joseph
  9608 | D:8      | Reached skill level 1 in Throwing
  9608 | D:8      | Reached XP level 10. HP: 69/89 MP: 13/13
 10111 | D:9      | Noticed a two-headed ogre
 10122 | D:9      | Killed a two-headed ogre
 10768 | D:9      | Reached skill level 5 in Evocations
 10823 | D:9      | Found a roughly hewn altar of Beogh.
 10922 | D:9      | Noticed a death yak
 10923 | D:9      | Noticed a death yak
 10956 | D:9      | Killed a death yak
 11273 | D:9      | Noticed a death yak
 11277 | D:9      | Noticed a death yak
 11292 | D:9      | Killed a death yak
 11293 | D:9      | Killed a death yak
 11298 | D:9      | Killed a death yak
 11298 | D:9      | Reached XP level 11. HP: 49/98 MP: 15/15
 11624 | D:9      | Found a staircase to the Lair.
 11883 | D:10     | Entered Level 10 of the Dungeon
 11954 | D:10     | Found a runed door.
 11967 | D:10     | Found a runed door.
 12175 | D:10     | Noticed a two-headed ogre
 12185 | D:10     | Killed a two-headed ogre
 12244 | D:10     | Noticed a two-headed ogre
 12261 | D:10     | Killed a two-headed ogre
 12265 | D:10     | Reached skill level 10 in Fighting
 12627 | D:10     | Noticed a two-headed ogre
 12642 | D:10     | Killed a two-headed ogre
 12642 | D:10     | Reached skill level 10 in Unarmed Combat
 12901 | D:10     | Noticed Josephine
 12912 | D:10     | Killed Josephine
 13081 | D:11     | Found Qebbonor's General Store.
 13081 | D:11     | Noticed a two-headed ogre
 13114 | D:10     | Reached skill level 5 in Throwing
 13313 | D:11     | Noticed a purple ugly thing
 13323 | D:11     | Noticed a white ugly thing
 13333 | D:10     | Killed a purple ugly thing
 13560 | D:11     | Noticed a five-headed hydra
 13565 | D:10     | Killed a two-headed ogre
 13568 | D:10     | HP: 1/98 [yak (10)]
 14494 | D:11     | Bought a scroll of summoning for 114 gold pieces
 14494 | D:11     | Bought a scroll of blinking for 90 gold pieces
 14506 | D:11     | Killed a white ugly thing
 14572 | D:11     | Asphyxiated

Vault maps used:
D:1:      lightli_arrival_flooded_house
D:2:      chequers_temple_overflow_minitemple, dk_vineyard_2, wad_orctagon
D:3:      first_ration
D:4:      marbit_many_paths, amethyst_overflow_temple_binary, serial_shops,
          shop, uniq_ijyb
D:5:      gammafunk_temple_overflow_wave, kennysheep_mini,
          nicolae_overflow_hidden_temple, corexii_leaking_fountain,
          uniq_blork_the_orc
D:6:      nemelex_dance_club_becter, uniq_edmund, uniq_crazy_yiuf_cottage,
          uniq_grinder
D:7:      minmay_temple_entry_junction, enter_bailey_2, basic_altar,
          uniq_prince_ribbit1
D:8:      uniq_joseph
D:9:      dpeg_lair_monsters, special_room
D:10:     lemuel_insect_pit, uniq_josephine
D:11:     serial_shops, kennysheep_little_box,
          nicolae_shop_competitors_out_of_business, the_bakery, uniq_sonja
Bailey:   bailey_axe_1, bailey

Skill      XL: |  1  2  3  4  5  6  7  8  9 10 11 |
---------------+----------------------------------+-----
Dodging        | 3 4 6 7 8 9 |  9.2
Unarmed Combat | 4 5 6 7 8 9 10 | 10.7
Fighting       | 4 5 6 7 8 9 10 | 10.1
Shields        | 2 4 |  4.2
Evocations     | 4 6 8 |  8.1
Throwing       | 1 3 5 |  5.4
Stealth        | |  1.7

Action                   |  1- 3 |  4- 6 |  7- 9 | 10-12 || total
-------------------------+-------+-------+-------+-------++-------
Melee: Unarmed           |   158 |   257 |   515 |   449 ||  1379
       Tailslap          |    13 |    21 |    61 |    79 ||   174
       Punch             |     3 |     5 |     2 |       ||    10
Throw: Throwing net      |       |       |     1 |     2 ||     3
Invok: Potion Petition   |       |       |       |     2 ||     2
 Abil: Breathe Dispellin |       |       |    14 |    12 ||    26
Evoke: Wand              |       |       |    14 |    10 ||    24
  Use: Scroll            |       |     8 |     9 |     3 ||    20
       Potion            |       |     5 |     1 |     3 ||     9
 Stab: Sleeping          |     2 |     3 |     7 |     2 ||    14
       Held in net/web   |       |       |     3 |       ||     3
       Distracted        |       |       |       |     2 ||     2
  Eat: Chunk             |     1 |     9 |       |       ||    10
       Ration            |       |     1 |     7 |     5 ||    13
Armor: Skin              |    39 |    73 |   127 |    85 ||   324
Dodge: Dodged            |   112 |   118 |   327 |   299 ||   856
Block: Buckler           |       |       |   145 |   108 ||   253

Table legend:
 A = Spawn XP
 B = Non-spawn XP
 C = Spawn XP percentage of total XP
 D = Spawn monster count
 E = Non-spawn monster count
 F = Spawn count percentage of total count
 G = Total turns spent on level
                    A         B        C        D         E        F      G
               +---------+---------+-------+---------+---------+-------+---------
         Total |       0 |   21508 |   0.0 |       0 |     312 |   0.0 | 14572
               +---------+---------+-------+---------+---------+-------+---------
           D:1 |       0 |      31 |   0.0 |       0 |      16 |   0.0 |   617
           D:2 |       0 |      92 |   0.0 |       0 |      31 |   0.0 |  1391
           D:3 |       0 |     346 |   0.0 |       0 |      32 |   0.0 |  1764
           D:4 |       0 |     367 |   0.0 |       0 |      18 |   0.0 |  1118
           D:5 |       0 |     370 |   0.0 |       0 |      13 |   0.0 |  1337
           D:6 |       0 |    1057 |   0.0 |       0 |      23 |   0.0 |  1093
           D:7 |       0 |    1732 |   0.0 |       0 |      23 |   0.0 |  1176
           D:8 |       0 |    1246 |   0.0 |       0 |      20 |   0.0 |  1134
           D:9 |       0 |    6120 |   0.0 |       0 |      53 |   0.0 |  2135
          D:10 |       0 |    8133 |   0.0 |       0 |      46 |   0.0 |  2182
          D:11 |       0 |    1419 |   0.0 |       0 |       8 |   0.0 |   147
        Bailey |       0 |     595 |   0.0 |       0 |      29 |   0.0 |   478
               +---------+---------+-------+---------+---------+-------+---------
